AoeStats
← [ESTG] The Surrendor

Hideout

508107645Analyzed
1v1 RM · 12d ago on Sep 20, 2026· 18m 20s· 2 players
Game mode
Random Map
Map size
Tiny (2 player)
Population
200
Speed
Normal
Resources
Standard
Victory
Conquest
Starting age
Dark Age
Ending age
Imperial Age
RankedLock teamsTeams togetherTeam positionsShared explorationLock speedFull tech treeHidden civsTurbo modeCheats
Victory
Defeat
🇨🇴 Mapuche · Colombia
1485
+14
🇷🇺 Khmer · Russia
1450
-14
[SmerSh] Koba
10:08 Feudal Age
13:15 Castle Age
11:59 Loom
[ESTG] The Surrendor
11:17 Feudal Age
10:47 Loom
13:26 Double-Bit Axe
15:43 Castle Age
14:11 Stone Mining
15:45 Horse Collar
16:05 Town Watch
16:50 Fletching
Connection lost

Rejoining the realm…

Still unreachable

The connection could not be restored.

Session expired

The server has moved on; the page needs a fresh start.